DSL
DSL PITTSBURGH PIRATES @ DSL NEW YORK (A) YANKEES
05/24/2042
 
TOP OF THE 1ST
DSL Pittsburgh Pirates batting - Pitching for DSL New York (A) Yankees : LHP Steve McIntosh
Pitching: LHP Steve McIntosh
Batting: RHB Raúl Santos 0-0: Called Strike
0-1: Ball
1-1: Called Strike
1-2: Ball
2-2: Strikes out swinging
Batting: RHB Charlie Townsley 0-0: Ball
1-0: Foul Ball, location: 2F
1-1: Foul Ball, location: 2F
1-2: Foul Ball, location: 5F
1-2: SINGLE (Groundball, 34D, EV 110.6 MPH)
Batting: LHB Juan Franco 0-0: Foul Ball, location: 7LDF
0-1: Ball
1-1: Swinging Strike
1-2: Strikes out looking
Batting: SHB Alfredo Luna 0-0: 2-RUN HOME RUN (Flyball, 9D, EV 99.4 MPH), Distance : 376 ft
Batting: RHB Tony Féliz 0-0: Called Strike
0-1: Foul Ball, location: 2F
0-2: Ball
1-2: Ground out U3 (Groundball, 3S, EV 88.8 MPH)
Top of the 1st over - 2 runs, 2 hits, 0 errors, 0 left on base; DSL Pittsburgh 2 - DSL New York (A) 0
BOTTOM OF THE 1ST
DSL New York (A) Yankees batting - Pitching for DSL Pittsburgh Pirates : LHP Sergio Sánchez
Pitching: LHP Sergio Sánchez
Batting: LHB Jon Bennett 0-0: Ball
1-0: Foul Ball, location: 3FF
1-1: Foul Ball, location: 25F
1-2: Foul Ball, location: 2F
1-2: Strikes out looking
Batting: RHB Mike Johnson 0-0: Ball
1-0: Ball
2-0: Ball
3-0: Base on Balls
Batting: RHB Mario Domínguez 0-0: Called Strike
0-1: Ball
1-1: Grounds into double play, 4-6-3 (Groundball, 4, EV 91.9 MPH)
Bottom of the 1st over - 0 runs, 0 hits, 0 errors, 0 left on base; DSL Pittsburgh 2 - DSL New York (A) 0
TOP OF THE 2ND
DSL Pittsburgh Pirates batting - Pitching for DSL New York (A) Yankees : LHP Steve McIntosh
Pitching: RHP Raúl Miranda
Batting: RHB Raúl Palácios 0-0: Ball
1-0: Called Strike
1-1: Foul Ball, location: 9LSF
1-2: Strikes out swinging
Batting: RHB Jesús López 0-0: Ball
1-0: Ball
2-0: Called Strike
2-1: Foul Ball, location: 5F
2-2: Ground out 6-3 (Groundball, 6, EV 86.3 MPH)
Batting: RHB Mario Robles 0-0: Swinging Strike
0-1: Ball
1-1: Ball
2-1: Swinging Strike
2-2: Strikes out swinging
Top of the 2nd over - 0 runs, 0 hits, 0 errors, 0 left on base; DSL Pittsburgh 2 - DSL New York (A) 0
BOTTOM OF THE 2ND
DSL New York (A) Yankees batting - Pitching for DSL Pittsburgh Pirates : LHP Sergio Sánchez
Batting: RHB José López 0-0: Called Strike
0-1: Ball
1-1: Foul Ball, location: 9LSF
1-2: Foul Ball, location: 5F
1-2: Ball
2-2: Foul Ball, location: 3F
2-2: Strikes out looking
Batting: RHB Chad Tuttle 0-0: Called Strike
0-1: Fly out, F7 (Flyball, 7, EV 93.1 MPH)
Batting: RHB Juan Martínez 0-0: Swinging Strike
0-1: Ball
1-1: Ball
2-1: Ball
3-1: Called Strike
3-2: Foul Ball, location: 2F
3-2: Strikes out swinging
Bottom of the 2nd over - 0 runs, 0 hits, 0 errors, 0 left on base; DSL Pittsburgh 2 - DSL New York (A) 0
TOP OF THE 3RD
DSL Pittsburgh Pirates batting - Pitching for DSL New York (A) Yankees : RHP Raúl Miranda
Batting: SHB Wilson Gómez 0-0: Called Strike
0-1: Called Strike
0-2: Ball
1-2: Ball
2-2: Strikes out looking
Batting: RHB Raúl Santos 0-0: Ball
1-0: Ball
2-0: Foul Ball, location: 3F
2-1: Ball
3-1: TRIPLE (Flyball, 78XD, EV 71.9 MPH)
Batting: RHB Charlie Townsley 0-0: Ground out U3 (Groundball, 13, EV 88.1 MPH)
Raúl Santos scores
Batting: LHB Juan Franco 0-0: Ball
1-0: Ball
2-0: Ball
3-0: Called Strike
3-1: Base on Balls
Batting: SHB Alfredo Luna 0-0: Ball
1-0: Called Strike
1-1: Called Strike
1-2: Fly out, F9 (Flyball, 89D, EV 95.6 MPH)
Top of the 3rd over - 1 run, 1 hit, 0 errors, 1 left on base; DSL Pittsburgh 3 - DSL New York (A) 0
BOTTOM OF THE 3RD
DSL New York (A) Yankees batting - Pitching for DSL Pittsburgh Pirates : LHP Sergio Sánchez
Batting: LHB Iván García 0-0: Ground out 4-3 (Groundball, 4, EV 96.3 MPH)
Batting: RHB Sean Burch 0-0: Ball
1-0: Ball
2-0: Ball
3-0: Base on Balls
Batting: RHB Don Dixon 0-0: Called Strike
0-1: Ball
1-1: Swinging Strike
1-2: Foul Ball, location: 7LDF
1-2: Strikes out looking
Batting: LHB Jon Bennett 0-0: Foul Ball, location: 3F
0-1: Ball
1-1: SINGLE (Line Drive, 9S, EV 96.3 MPH)
Sean Burch to second
Runner from 2nd tries for 3rd, SAFE, throw by RF made to third
Batting: RHB Mike Johnson 0-0: Fielders Choice at 2nd, 5-4 (Groundball, 56, EV 97.5 MPH)
Bottom of the 3rd over - 0 runs, 1 hit, 0 errors, 2 left on base; DSL Pittsburgh 3 - DSL New York (A) 0
TOP OF THE 4TH
DSL Pittsburgh Pirates batting - Pitching for DSL New York (A) Yankees : RHP Raúl Miranda
Batting: RHB Tony Féliz 0-0: Ball
1-0: Ground out 2-3 (Groundball, 2L, EV 70.0 MPH)
Batting: RHB Raúl Palácios 0-0: Called Strike
0-1: Ball
1-1: Ball
2-1: Foul Ball, location: 2F
2-2: Strikes out swinging
Batting: RHB Jesús López 0-0: Swinging Strike
0-1: Ball
1-1: Foul Ball, location: 9LSF
1-2: Strikes out swinging
Top of the 4th over - 0 runs, 0 hits, 0 errors, 0 left on base; DSL Pittsburgh 3 - DSL New York (A) 0
BOTTOM OF THE 4TH
DSL New York (A) Yankees batting - Pitching for DSL Pittsburgh Pirates : LHP Sergio Sánchez
Batting: RHB Mario Domínguez 0-0: Ball
1-0: Foul Ball, location: 5FF
1-1: Swinging Strike
1-2: Ball
2-2: Ball
3-2: Strikes out looking
Batting: RHB José López 0-0: Foul Ball, location: 5F
0-1: Foul Ball, location: 7LMF
0-2: SOLO HOME RUN (Line Drive, 7D, EV 103.1 MPH), Distance : 387 ft
Batting: RHB Chad Tuttle 0-0: Ball
1-0: SINGLE (Groundball, 4MD, EV 104.4 MPH)
Batting: RHB Juan Martínez 0-0: Fly out, F9 (Flyball, 9, EV 94.4 MPH)
Batting: LHB Iván García 0-0: Called Strike
0-1: Ball
1-1: Fielders Choice at 2nd, 6-4 (Groundball, 6, EV 82.5 MPH)
Bottom of the 4th over - 1 run, 2 hits, 0 errors, 1 left on base; DSL Pittsburgh 3 - DSL New York (A) 1
TOP OF THE 5TH
DSL Pittsburgh Pirates batting - Pitching for DSL New York (A) Yankees : RHP Raúl Miranda
Batting: RHB Mario Robles 0-0: Ball
1-0: Foul Ball, location: 2F
1-1: Ball
2-1: Called Strike
2-2: Ball
3-2: Foul Ball, location: 7LMF
3-2: Foul Ball, location: 9LDF
3-2: Foul Ball, location: 9LMF
3-2: Base on Balls
Batting: SHB Wilson Gómez 0-0: Bunted foul
0-1: Sac Bunt to 15S - play at first, batter OUT! 1-3
Mario Robles to second
Batting: RHB Raúl Santos 0-0: Ground out 6-3 (Groundball, 56, EV 108.8 MPH)
Batting: RHB Charlie Townsley 0-0: Called Strike
0-1: Foul Ball, location: 25F
0-2: Ground out 4-3 (Groundball, 4, EV 78.8 MPH)
Top of the 5th over - 0 runs, 0 hits, 0 errors, 1 left on base; DSL Pittsburgh 3 - DSL New York (A) 1
BOTTOM OF THE 5TH
DSL New York (A) Yankees batting - Pitching for DSL Pittsburgh Pirates : LHP Sergio Sánchez
Batting: RHB Sean Burch 0-0: Called Strike
0-1: Called Strike
0-2: Ball
1-2: Ball
2-2: Foul Ball, location: 2F
2-2: Ball
3-2: Strikes out swinging
Batting: RHB Don Dixon 0-0: Ball
1-0: Ball
2-0: Foul Ball, location: 7LSFF
2-1: Foul Ball, location: 9LSF
2-2: Strikes out swinging
Batting: LHB Jon Bennett 0-0: TRIPLE (Line Drive, 9D, EV 103.8 MPH)
Batting: RHB Mike Johnson 0-0: Foul Ball, location: 2F
0-1: Ball
1-1: Ball
2-1: Ball
3-1: Base on Balls
Pitching: RHP Iván Cuellar
Batting: RHB Mario Domínguez 0-0: DOUBLE (Line Drive, 9LD, EV 105.6 MPH)
Jon Bennett scores
Mike Johnson to third
Runner from 3rd tries for Home, SAFE, throw by RF to home
Batting: RHB José López 0-0: Ball
1-0: Ball
2-0: Fly out, F3 (Line Drive, 34, EV 75.6 MPH)
Bottom of the 5th over - 2 runs, 2 hits, 0 errors, 1 left on base; DSL Pittsburgh 3 - DSL New York (A) 3
TOP OF THE 6TH
DSL Pittsburgh Pirates batting - Pitching for DSL New York (A) Yankees : RHP Raúl Miranda
Batting: LHB Juan Franco 0-0: Ball
1-0: Foul Ball, location: 3F
1-1: Foul Ball, location: 9LMFF
1-2: SINGLE (Flyball, 34D, EV 95.6 MPH)
Batting: SHB Alfredo Luna 0-0: Called Strike
0-1: Foul Ball, location: 7LMF
0-2: Strikes out looking
Batting: RHB Tony Féliz 0-0: SINGLE (Groundball, 34D, EV 105.6 MPH)
Juan Franco to second
Runner from 2nd tries for 3rd, SAFE, throw by RF made to third
Batting: RHB Raúl Palácios 0-0: Ball
1-0: Called Strike
1-1: Called Strike
1-2: Strikes out swinging
Batting: RHB Jesús Ramírez 0-0: Foul Ball, location: 2F
0-1: Foul Ball, location: 2F
0-2: Strikes out swinging
Top of the 6th over - 0 runs, 2 hits, 0 errors, 2 left on base; DSL Pittsburgh 3 - DSL New York (A) 3
BOTTOM OF THE 6TH
DSL New York (A) Yankees batting - Pitching for DSL Pittsburgh Pirates : RHP Iván Cuellar
Pinch Hitting: RHB Donnie Cooper 0-0: Called Strike
0-1: Ball
1-1: Fly out, F7 (Flyball, 7, EV 91.9 MPH)
Batting: RHB Juan Martínez 0-0: Ball
1-0: Called Strike
1-1: Ball
2-1: Ball
3-1: Called Strike
3-2: Base on Balls
Batting: LHB Iván García 0-0: Ball
1-0: Called Strike
1-1: Hit by Pitch
Juan Martínez to second
Batting: RHB Sean Burch 0-0: Foul Ball, location: 23F
0-1: Fly out, F7 (Flyball, 7, EV 83.8 MPH)
Batting: RHB Don Dixon 0-0: Ball
1-0: Foul Ball, location: 2F
1-1: Ball
2-1: Swinging Strike
2-2: Foul Ball, location: 2F
2-2: Strikes out swinging
Bottom of the 6th over - 0 runs, 0 hits, 0 errors, 2 left on base; DSL Pittsburgh 3 - DSL New York (A) 3
TOP OF THE 7TH
DSL Pittsburgh Pirates batting - Pitching for DSL New York (A) Yankees : RHP Raúl Miranda
Now at 3B: Héctor Escobar
Batting: RHB Mario Robles 0-0: Called Strike
0-1: Foul Ball, location: 5F
0-2: Ball
1-2: Strikes out swinging
Batting: SHB Wilson Gómez 0-0: Called Strike
0-1: Swinging Strike
0-2: Ball
1-2: Ball
2-2: Foul Ball, location: 2LF
2-2: Foul Ball, location: 2F
2-2: Strikes out swinging
Batting: RHB Raúl Santos 0-0: Ball
1-0: Ball
2-0: Called Strike
2-1: Called Strike
2-2: Strikes out swinging
Top of the 7th over - 0 runs, 0 hits, 0 errors, 0 left on base; DSL Pittsburgh 3 - DSL New York (A) 3
BOTTOM OF THE 7TH
DSL New York (A) Yankees batting - Pitching for DSL Pittsburgh Pirates : RHP Iván Cuellar
Batting: LHB Jon Bennett 0-0: Ground out U3 (Groundball, 3, EV 81.9 MPH)
Batting: RHB Mike Johnson 0-0: Swinging Strike
0-1: Foul Ball, location: 2F
0-2: Foul Ball, location: 2F
0-2: SOLO HOME RUN (Flyball, 9D, EV 96.3 MPH), Distance : 384 ft
Batting: RHB Mario Domínguez 0-0: Ball
1-0: SOLO HOME RUN (Flyball, 7LD, EV 97.5 MPH), Distance : 351 ft
Batting: RHB José López 0-0: Foul Ball, location: 5F
0-1: DOUBLE (Line Drive, 3D, EV 108.8 MPH)
Batting: RHB Héctor Escobar 0-0: Ball
1-0: Ball
2-0: Ball
3-0: Called Strike
3-1: Base on Balls
Batting: RHB Juan Martínez 0-0: Ball
1-0: Foul Ball, location: 3F
1-1: Foul Ball, location: 2F
1-2: Ball
2-2: Foul Ball, location: 2F
2-2: Ball
3-2: SINGLE (Groundball, 34D, EV 103.8 MPH)
José López to third
Héctor Escobar to second
Runner from 3rd tries for Home, SAFE, throw by RF to home
Pitching: RHP Raúl Medina
Batting: LHB Iván García 0-0: Fly out, F6 (Popup, 56D, EV 41.9 MPH)
Batting: RHB Sean Burch 0-0: Called Strike
0-1: Ball
1-1: Foul Ball, location: 9LSF
1-2: Foul Ball, location: 9LDF
1-2: Foul Ball, location: 9LDF
1-2: Ball
2-2: Strikes out swinging
Bottom of the 7th over - 3 runs, 4 hits, 0 errors, 2 left on base; DSL Pittsburgh 3 - DSL New York (A) 6
TOP OF THE 8TH
DSL Pittsburgh Pirates batting - Pitching for DSL New York (A) Yankees : RHP Raúl Miranda
Batting: RHB Charlie Townsley 0-0: Ball
1-0: Ball
2-0: Called Strike
2-1: Ball
3-1: Base on Balls
Batting: LHB Juan Franco 0-0: Ball
1-0: Called Strike
1-1: Swinging Strike
1-2: Strikes out looking
Pitching: LHP Pat Pixley
Batting: SHB Alfredo Luna 0-0: Ball
1-0: Ball
2-0: Ball
3-0: Base on Balls
Charlie Townsley to second
Batting: RHB Tony Féliz 0-0: Ball
1-0: Foul Ball, location: 2F
1-1: Ball
2-1: Ball
3-1: Foul Ball, location: 9LDF
3-2: Strikes out looking
Pinch Hitting: RHB Tony Martínez 0-0: Called Strike
0-1: Ball
1-1: Ball
2-1: Fly out, F5 (Popup, 5, EV 63.8 MPH)
Top of the 8th over - 0 runs, 0 hits, 0 errors, 2 left on base; DSL Pittsburgh 3 - DSL New York (A) 6
BOTTOM OF THE 8TH
DSL New York (A) Yankees batting - Pitching for DSL Pittsburgh Pirates : RHP Raúl Medina
Now in LF: Raúl Hernández
Batting: RHB Don Dixon 0-0: Called Strike
0-1: Foul Ball, location: 2F
0-2: Foul Ball, location: 9LSF
0-2: Foul Ball, location: 2F
0-2: Ball
1-2: Strikes out swinging
Batting: LHB Jon Bennett 0-0: Ball
1-0: Ball
2-0: Ball
3-0: Base on Balls
Batting: RHB Mike Johnson 0-0: Ball
Jon Bennett steals 2nd base
1-0: Called Strike
1-1: Swinging Strike
1-2: Strikes out swinging
Batting: RHB Mario Domínguez 0-0: Swinging Strike
0-1: Ball
1-1: Ball
2-1: Foul Ball, location: 5F
2-2: Ground out 5-3 (Groundball, 56S, EV 71.3 MPH)
Bottom of the 8th over - 0 runs, 0 hits, 0 errors, 1 left on base; DSL Pittsburgh 3 - DSL New York (A) 6
TOP OF THE 9TH
DSL Pittsburgh Pirates batting - Pitching for DSL New York (A) Yankees : LHP Pat Pixley
Pitching: LHP Dave Jones
Now in CF: Sergio Albertoni
Batting: RHB António Ruíz 0-0: Foul Ball, location: 2F
0-1: Ball
1-1: Foul Ball, location: 9LMF
1-2: Foul Ball, location: 9LSF
1-2: Ball
2-2: Strikes out swinging
Batting: RHB Mario Robles 0-0: Called Strike
0-1: Foul Ball, location: 2F
0-2: Strikes out swinging
Batting: SHB Wilson Gómez 0-0: Fly out, F8 (Flyball, 8LD, EV 90.0 MPH)
Top of the 9th over - 0 runs, 0 hits, 0 errors, 0 left on base; DSL Pittsburgh 3 - DSL New York (A) 6
Friday, May 3rd , 2024 - OOTP Baseball 24.10 Build 82